 Dungeon Crawl Stone Soup version 0.32-a0-30-gefbe487952 (webtiles) character file.

Game seed: 10532549388200305889

23 senseless the Ruffian (level 3, -2/27 HPs)
             Began as a Djinni Shapeshifter on Jan 19, 2024.
             Was a Believer of Ru.
             Slain by a ribbon worm (5 damage)
             ... on level 2 of the Dungeon.
             The game lasted 00:04:22 (572 turns).

senseless the Ruffian (Djinni Shapeshifter)          Turns: 572, Time: 00:04:23

Health: -2/27      AC:  2    Str: 15    XL:     3   Next: 10%
Gold:   0          EV:  8    Int: 11    God:    Ru [**....] SH: 11 Dex: 12

rFire   + .          .
                       - Unarmed
rCold   x x .        f - +0 tower shield
rNeg    . . .        a - +0 animal skin
rPois   ∞            (helmet currently unavailable)
rElec   .            (cloak currently unavailable)
rCorr   .            (gloves currently unavailable)
SInv    .            (boots unavailable)
Will    .....        (no amulet)
Stlth   +            (no ring)
HPRegen 0.24/turn    (no ring)
MPRegen 0.00/turn

%: infuse magic (-3 HP)
@: beast-form, flying
A: beast (slay +1), flying, sickness immunity, fire resistance 2, cold
vulnerability 1, temperature sensitive, float, innate caster, HP casting, extra
vitality 1
a: Begin Untransformation, Renounce Religion


You were on level 2 of the Dungeon.
You worshipped Ru.
Ru was pleased with you.
You were a hulking beast.
You visited 1 branch of the dungeon, and saw 2 of its levels.

Inventory:

Armour
 a - a +0 animal skin (worn)
 f - a +0 tower shield (worn)
Talismans
 c - a beast talisman
 d - a flux talisman
Scrolls
 g - a scroll of fear {unknown}
 h - a scroll of identify {unknown}
 i - a scroll of amnesia {unknown}
 j - a scroll of silence {unknown}
Potions
 b - a potion of lignification
 e - a potion of haste {unknown}


   Skills:
 + Level 1.4 Fighting
 + Level 2.5 Dodging
 + Level 0.6 Shields
 + Level 3.2 Unarmed Combat
 + Level 2.9 Shapeshifting


You knew the following spells:

 Your Spells              Type           Power      Damage    Failure   Level
a - Sting                 Conj/Alch      0%         1d3       99%         1
Your spell library was empty.

Dungeon Overview and Level Annotations

Branches:
Dungeon (2/15)

Altars:
Ru

Shops:
D:1 =   D:2 [


Innate Abilities, Weirdness & Mutations

You are a hulking beast.
Your limbs bulge with bestial killing power. (Slay +1)
You are flying.
You are immune to sickness and miasma.
You are immune to poison.
Your flesh is very heat resistant. (rF++)
You are vulnerable to cold. (rC-)
You are sensitive to extremes of temperature. (rF-, rC-)
You float through the air rather than walking.
You learn spells naturally, not from books.
Your magical power is your life essence.
You have superior vitality. (+4 MHP)


Message History

You are caught in a web!
The web tears apart.
The ribbon worm attacks as it pursues you!
The ribbon worm bites you! The goblin hits you with a +0 club.
* * * LOW HITPOINT WARNING * * *
The ribbon worm expels a string of sticky webbing.
You block the stream of webbing. The goblin attacks as it pursues you!
You block the goblin's attack.
There is an open door here.
You completely miss the goblin. The goblin hits you but does no damage.
You hit the goblin.
You kill the goblin!
You punch the endoplasm!
You kill the endoplasm!
You hit the ribbon worm.
The ribbon worm is moderately wounded.
The ribbon worm expels a string of sticky webbing.
The stream of webbing hits you but does no damage.
You are caught in a web!
The web tears apart.
You redirect the ribbon worm's attack!
The ribbon worm barely misses itself.
You hit the ribbon worm.
The ribbon worm is moderately wounded.
You block the ribbon worm's attack.
You hit the ribbon worm.
The ribbon worm is heavily wounded.
The ribbon worm bites you.
* * * LOW HITPOINT WARNING * * *
You barely miss the ribbon worm.
The ribbon worm is heavily wounded.
The ribbon worm begins to attack, but is stunned by your conviction!
You barely miss the ribbon worm.
The ribbon worm is moderately wounded.
The ribbon worm bites you.
* * * LOW HITPOINT WARNING * * *
You hit the ribbon worm but do no damage.
The ribbon worm is moderately wounded.
The ribbon worm bites you.
You die...

#......# #......#
.############......#
............#......#
............#......#
............#......#
............#......#
............#......########
............wh...........>#
............#......####.#.#
............#......# #.#.#
.....########......#
#.#.### ..#.. ########
#.#...# #. #.#.#.# #.#.#.#
#.#.#.# #.....#


You could see a ribbon worm.

Vanquished Creatures
  A dart slug (D:1)
  A bat (D:1)
  4 endoplasms
  5 giant cockroaches (D:1)
  2 quokkas (D:1)
  A frilled lizard (D:1)
  2 goblins
  A rat (D:1)
17 creatures vanquished.

Notes
Turn   | Place    | Note
-------+----------+-------------------------------------------
     0 | D:1      | senseless the Djinni Shapeshifter began the quest for the
                  | Orb.
     0 | D:1      | Reached XP level 1. HP: 17/17 MP: 0/0
   123 | D:1      | Found a faded altar of an unknown god.
   129 | D:1      | Prayed at the altar of an unknown god.
   129 | D:1      | Became a worshipper of Ru the Awakened
   145 | D:1      | Reached XP level 2. HP: 22/22 MP: 0/0
   145 | D:1      | Gained mutation: You are sensitive to extremes of
                  | temperature. (rF-, rC-) [Ru sacrifice]
   145 | D:1      | Reached * piety under Ru
   145 | D:1      | Reached ** piety under Ru
   375 | D:1      | Found Fufric's Jewellery Emporium.
   409 | D:1      | Reached XP level 3. HP: 26/27 MP: 0/0
   409 | D:1      | Learned a level 1 spell: Sting
   499 | D:2      | Found Kisium's Antique Armour Shop.
   572 | D:2      | Slain by a ribbon worm

Illustrated notes

Levels and vault maps discovered:
D:1:      noname_arrival_rooms_in_the_neighbourhood, layout_basic, serial_shops,
          nicolae_shop_back_alley_shop, hellmonk_ecumenical_altar_crossroads
D:2:      layout_basic, serial_shops, nicolae_shop_stone, basic_altar

Action                     || total
---------------------------++-------
  Melee: Unarmed           ||    49
 Invoke: Sacrifice Resista ||     1
 Armour: Animal skin       ||    20
  Dodge: Dodged            ||    10
  Block: Tower shield      ||    15

Table legend: (Time is in decaauts)
 A = Elapsed time spent in this place.
 B = Non-inter-level travel time spent in this place.
 C = Inter-level travel time spent in this place.
 D = Time resting spent in this place.
 E = Time spent auto-exploring this place.
 F = Levels seen in this place.
 G = Mean time per level.
                   A        B        C        D        E       F      G
               +--------+--------+--------+--------+--------+-----+--------+
         Total |    585 |    575 |     10 |      0 |    412 |   2 |  292.5 |
       Dungeon |    585 |    575 |     10 |      0 |    412 |   2 |  292.5 |
               +--------+--------+--------+--------+--------+-----+--------+

Top non-repeatable levels by time:
     D:1: 494 daAuts
     D:2: 91 daAuts
